[Event "Team 45 45 League T40"]
[Site "Internet Chess Club"]
[Date "2009.03.08"]
[Round "6"]
[White "bmw2002"]
[Black "Duguesclin"]
[Result "0-1"]
[WhiteElo "1631"]
[BlackElo "1565"]
[Opening "English opening"]
[ECO "A10"]
[Time "11:38:05"]
[TimeControl "2700+45"]

1. c4 d6 2. g3 Nf6 3. Bg2 g6 4. Nc3 Bg7 5. d3 O-O 6. e4 e5 7. Nge2 Be6 8. O-O c6
9. h3 Nbd7 10. f4 Qb6+ 11. Kh2 exf4 12. Nxf4 Ne5 13. Qe2 Rae8 14. Nxe6 fxe6 15.
Be3 Qc7 16. d4 Ned7 17. Rac1 Nh5 18. d5 exd5 19. cxd5 c5 20. Bf4 Nxf4 21. gxf4
a6 22. a3 b5 23. Na2 Nf6 24. Nb4 Qb7 25. Nc6 Nxd5 26. Qd2 Nxf4 27. Rxf4 Rxf4 28.
e5 dxe5 29. Nxe5 Bxe5 30. Qxf4 Bxf4+ {White resigns} 0-1

[Event "Team 45 45 League T40"]
[Site "Internet Chess Club"]
[Date "2009.03.05"]
[Round "6"]
[White "UriahHeep"]
[Black "BrerRabbit"]
[Result "0-1"]
[WhiteElo "1435"]
[BlackElo "1614"]
[Opening "Réti: King's Indian attack"]
[ECO "A05"]
[Time "19:00:23"]
[TimeControl "2700+45"]

1. Nf3 Nf6 2. g3 g6 3. Bg2 Bg7 4. O-O O-O 5. c4 d6 6. Nc3 e5 7. e4 h6 8. d3 Be6
9. Nd5 Nxd5 10. exd5 Bg4 11. Be3 c5 12. Qd2 Kh7 13. h3 Bf5 14. g4 Bd7 15. a3 Na6
16. g5 h5 17. h4 Nc7 18. Rad1 b6 19. b3 Na6 20. Kh2 Bg4 21. Ng1 Bxd1 22. Rxd1
Rb8 23. Be4 b5 24. Qe2 Kg8 25. Bf3 bxc4 26. dxc4 Rxb3 27. Bxh5 gxh5 28. Qxh5 Qe8
29. Nf3 Nc7 30. Rg1 e4 31. Nd2 Rxa3 32. g6 Qe5+ {White resigns} 0-1

[Event "Team 45 45 League T40"]
[Site "Internet Chess Club"]
[Date "2009.03.08"]
[Round "6"]
[White "MarkNY"]
[Black "gladius"]
[Result "1-0"]
[WhiteElo "1589"]
[BlackElo "1417"]
[Opening "French: exchange variation"]
[ECO "C01"]
[Time "18:06:21"]
[TimeControl "2700+45"]

1. e4 e6 2. d4 d5 3. exd5 exd5 4. c4 c6 5. Nc3 Nf6 6. Bd3 Bd6 7. Nge2 Bg4 8. f3
Bd7 9. O-O h6 10. Nf4 O-O 11. cxd5 Qc7 12. dxc6 Bxc6 13. g3 Re8 14. Nb5 Bxb5 15.
Bxb5 Qb6 16. Bxe8 Nxe8 17. Nd5 Qa5 18. Qb3 Nc6 19. Be3 Rd8 20. Rad1 Bxg3 21.
hxg3 Rxd5 22. Qxb7 Nb4 23. Rfe1 Nd6 24. Qb8+ Kh7 25. Bf4 Nc6 26. Qb3 Nf5 27. Qc3
Qb6 28. Re4 Nfxd4 29. Rexd4 Rxd4 30. Rxd4 Qxd4+ 31. Qxd4 Nxd4 32. Kf2 a6 33. Be5
Nc6 34. Bc3 g5 35. Ke3 f5 36. g4 f4+ 37. Ke4 Kg6 38. Kd5 Ne7+ 39. Kc5 h5 40.
gxh5+ Kxh5 41. Kb6 Nf5 42. Kxa6 Nh4 43. b4 Nxf3 44. b5 g4 45. b6 g3 46. b7 g2
47. b8=Q g1=Q 48. Qxf4 Qg6+ 49. Ka5 Qg5+ 50. Qxg5+ Nxg5 51. Kb5 Ne6 52. a4 Kg6
53. a5 Nc7+ 54. Kc6 Na6 55. Kb6 Nb8 56. Kb7 Nd7 57. Bd4 Kf7 58. a6 Ke7 59. a7
Kd6 60. a8=Q {Black resigns} 1-0

[Event "Team 45 45 League T40"]
[Site "Internet Chess Club"]
[Date "2009.03.07"]
[Round "6"]
[White "trustnicky"]
[Black "AlPearson"]
[Result "0-1"]
[WhiteElo "1509"]
[BlackElo "1411"]
[Opening "Alekhine's defense: Steiner variation"]
[ECO "B02"]
[Time "10:09:06"]
[TimeControl "2700+45"]

1. e4 Nf6 2. e5 Nd5 3. c4 Nb6 4. b3 g6 5. d4 Bg7 6. Nf3 O-O 7. Be3 Nc6 8. Qd2 d6
9. Bh6 dxe5 10. Bxg7 Kxg7 11. d5 Nb8 12. Nxe5 e6 13. Qc3 Qf6 14. dxe6 Bxe6 15.
Bd3 N8d7 16. Nxd7 Nxd7 17. O-O Rfd8 18. Qxf6+ Nxf6 19. Be4 Nxe4 20. Re1 Nd2 21.
Nc3 Rd3 22. Nb5 Rd7 23. Rad1 a6 24. Nc3 Rad8 25. Re2 Bg4 26. f3 Nxf3+ 27. gxf3
Rxd1+ 28. Nxd1 Bxf3 29. Re7 Rxd1+ 30. Kf2 Bc6 31. Rxc7 Rd2+ 32. Ke3 Rxa2 33. Kd4
Rxh2 34. Kc5 Re2 35. Rxc6 bxc6 36. Kxc6 Rb2 37. Kb6 Rxb3+ 38. Kxa6 Rc3 39. Kb5
Kf6 40. c5 Kf5 41. Kb6 h5 42. c6 h4 43. Kb7 h3 44. c7 h2 45. c8=Q+ Rxc8 46. Kxc8
{White resigns} 0-1

[Event "Team 45 45 League T40"]
[Site "Internet Chess Club"]
[Date "2009.03.07"]
[Round "6"]
[White "oldsj"]
[Black "Kravier"]
[Result "1-0"]
[WhiteElo "1612"]
[BlackElo "1570"]
[Opening "Sicilian: Taimanov variation"]
[ECO "B48"]
[Time "10:25:43"]
[TimeControl "2700+45"]

1. e4 c5 2. Nf3 a6 3. d4 cxd4 4. Nxd4 e6 5. Nc3 Nc6 6. Be3 Qc7 7. Qd2 Nf6 8. f3
Bb4 9. O-O-O Ne5 10. Nb3 Bxc3 11. Qxc3 Qxc3 12. bxc3 d5 13. Bd4 Ned7 14. exd5
exd5 15. Re1+ Kf8 16. Bd3 g6 17. g4 Rg8 18. h4 h5 19. g5 Ne8 20. f4 f6 21. f5
gxf5 22. Bxf5 Ne5 23. Bxc8 Rxc8 24. Bxe5 fxe5 25. Rhf1+ Kg7 26. Rxe5 Rxc3 27.
Nd4 Nc7 28. Re7+ Kh8 29. Rff7 Rg6 30. Rxc7 Rxc7 31. Rxc7 b5 32. Rd7 b4 33. Rxd5
Rb6 34. Nf5 Re6 35. Ng3 Re1+ 36. Rd1 Re3 37. Nxh5 Rh3 38. Rd4 Kg8 39. Nf6+ Kf7
40. h5 Rh1+ 41. Kb2 a5 42. h6 Kg6 43. Rd5 a4 44. h7 a3+ 45. Kb3 Rb1+ 46. Ka4 Rg1
{Black resigns} 1-0

[Event "Team 45 45 League T40"]
[Site "Internet Chess Club"]
[Date "2009.03.07"]
[Round "6"]
[White "Sapienza"]
[Black "Berkshires"]
[Result "1-0"]
[WhiteElo "1619"]
[BlackElo "1537"]
[Opening "King's gambit"]
[ECO "C30"]
[Time "15:06:27"]
[TimeControl "2700+45"]

1. e4 e5 2. f4 Nc6 3. Nf3 d5 4. exd5 Qxd5 5. fxe5 Bg4 6. Be2 O-O-O 7. O-O Re8 8.
Nc3 Qe6 9. d4 Qe7 10. Ng5 Bxe2 11. Nxe2 f6 12. Nf3 fxe5 13. Bg5 Nf6 14. Bxf6
gxf6 15. dxe5 Nxe5 16. Nxe5 Qxe5 17. Nc3 Bd6 18. Qg4+ Kb8 19. g3 Qc5+ 20. Kg2
Qc6+ 21. Qf3 Qxf3+ 22. Rxf3 Be5 23. Rd1 h5 24. Rd7 Reg8 25. Nd5 Kc8 26. Rf7 Kd8
27. Nxf6 Bxf6 28. R7xf6 h4 29. Rf7 h3+ 30. Kf2 Ke8 31. Rxc7 Rh6 32. Rc8+ Kd7 33.
Rxg8 Rd6 34. Rd3 Rxd3 35. cxd3 {Black resigns} 1-0

[Event "Team 45 45 League T40"]
[Site "Internet Chess Club"]
[Date "2009.03.07"]
[Round "6"]
[White "beerss"]
[Black "PANAMA-REY"]
[Result "0-1"]
[WhiteElo "1395"]
[BlackElo "1589"]
[Opening "Bird: From gambit"]
[ECO "A02"]
[Time "20:00:08"]
[TimeControl "2700+45"]

1. f4 e5 2. fxe5 Qh4+ 3. g3 Qe7 4. Nf3 Nc6 5. d4 d6 6. Bf4 Bg4 7. Bg2 dxe5 8.
dxe5 h6 9. Nc3 Rd8 10. Nd5 Qd7 11. c4 Bb4+ 12. Bd2 Bxd2+ 13. Nxd2 Nxe5 14. Qb3
c6 15. Rd1 cxd5 16. cxd5 Nf6 17. Nc4 Nxc4 18. Qxc4 O-O 19. O-O Rfe8 20. Rxf6
Bxe2 21. Re1 Bxc4 {White resigns} 0-1

[Event "Team 45 45 League T40"]
[Site "Internet Chess Club"]
[Date "2009.03.14"]
[Round "6"]
[White "f5"]
[Black "AMAV"]
[Result "0-1"]
[WhiteElo "2184"]
[BlackElo "2105"]
[Opening "Scandinavian defense"]
[ECO "B01"]
[Time "23:06:56"]
[TimeControl "2700+45"]

1. e4 d5 2. exd5 Qxd5 3. Nc3 Qa5 4. d4 Nf6 5. Nf3 Bf5 6. Bc4 c6 7. Bd2 e6 8. Nd5
Qd8 9. Nxf6+ Qxf6 10. Qe2 Bg4 11. O-O-O Be7 12. Kb1 Nd7 13. h4 Nb6 14. Bd3 Bxf3
15. gxf3 Qxd4 16. Bc3 Qc5 17. Bxg7 Rg8 18. Be5 O-O-O 19. Bxh7 Rxd1+ 20. Rxd1 Rd8
21. Rxd8+ Bxd8 22. Bg3 Qh5 23. Qe4 Nd5 24. Qd3 Bxh4 25. a3 Bxg3 26. fxg3 f5 27.
c4 Nc7 28. Bg8 Qg6 29. g4 Qxg8 30. gxf5 Qh7 31. Qe3 Qxf5+ 32. Ka2 b6 33. a4 Na6
34. Ka3 Qc5+ {White resigns} 0-1

[Event "Team 45 45 League T40"]
[Site "Internet Chess Club"]
[Date "2009.03.10"]
[Round "6"]
[White "playwaycool"]
[Black "chsrules88"]
[Result "0-1"]
[WhiteElo "2026"]
[BlackElo "2043"]
[Opening "QGD: Chigorin defense"]
[ECO "D07"]
[Time "18:01:50"]
[TimeControl "2700+45"]

1. d4 d5 2. c4 Nc6 3. e3 Nf6 4. Nc3 e6 5. Nf3 Bb4 6. Bd2 O-O 7. Be2 Re8 8. O-O
dxc4 9. Bxc4 b6 10. Bb5 Bb7 11. Qa4 Bxc3 12. Bxc6 Bxc6 13. Qxc6 Bxb2 14. Rab1
Ba3 15. Rb3 Bd6 16. e4 e5 17. Re1 Qd7 18. Qc2 Qe7 19. g3 Nd7 20. Kg2 exd4 21. e5
Bc5 22. Ng5 Nf8 23. Rf3 Qd7 24. Nxf7 h6 25. Re4 Re7 26. Ref4 Qe6 27. Nh8 Qd5 28.
Ng6 Nxg6 29. Qxg6 Qxa2 30. Bc1 Qd5 31. Rf5 Qe6 32. Rf6 Qxe5 33. Bxh6 Qe4 34. Rf5
Rae8 35. Bd2 Rd7 36. h4 Re6 37. Qg5 Be7 38. Qh5 g6 39. Rg5 Bxg5 40. Qxg5 Rd5 41.
Qh6 Rf6 42. Bf4 Rh5 {White resigns} 0-1

[Event "Team 45 45 League T40"]
[Site "Internet Chess Club"]
[Date "2009.03.09"]
[Round "6"]
[White "PaulKaspar"]
[Black "Gregorio"]
[Result "0-1"]
[WhiteElo "1849"]
[BlackElo "2119"]
[Opening "Ruy Lopez: Bird's defense"]
[ECO "C61"]
[Time "22:02:51"]
[TimeControl "2700+45"]

1. e4 e5 2. Nf3 Nc6 3. Bb5 Nd4 4. Nxd4 exd4 5. d3 c6 6. Bc4 d6 7. O-O Be6 8.
Bxe6 fxe6 9. c3 dxc3 10. Nxc3 Qd7 11. Qh5+ g6 12. Qh4 Be7 13. Bg5 h6 14. Bxe7
Nxe7 15. b4 O-O-O 16. a4 g5 17. Qg3 Ng6 18. d4 Nf4 19. Qe3 Kb8 20. b5 Rc8 21.
Rfc1 c5 22. dxc5 Rxc5 23. Ne2 Nxe2+ 24. Qxe2 Rhc8 25. Rxc5 Rxc5 26. Qb2 Qc8 27.
h3 Rc3 28. Rd1 Qc5 29. a5 Kc7 30. b6+ axb6 31. Qxb6+ Qxb6 32. axb6+ Kc6 33. f3
d5 34. exd5+ exd5 35. Rb1 Rc5 36. Kf2 Rb5 37. Re1 Rxb6 38. Ke3 Rb2 39. g3 Rb3+
40. Kf2 Kc5 41. f4 gxf4 42. gxf4 Rxh3 43. Rf1 Rh5 44. Ke3 Rf5 45. Rc1+ Kd6 46.
Rg1 h5 47. Rg6+ Kc5 48. Rg1 b5 49. Rc1+ Kd6 50. Rb1 h4 51. Kf3 Kc5 52. Kg4 Rf8
53. f5 d4 54. Rc1+ Kd5 55. Rb1 Kc4 56. Rc1+ Kd3 57. Rd1+ Ke3 58. Re1+ Kd2 59.
Rb1 Rb8 60. f6 Kc2 61. Rf1 d3 {White resigns} 0-1

[Event "Team 45 45 League T40"]
[Site "Internet Chess Club"]
[Date "2009.03.07"]
[Round "6"]
[White "kabindra"]
[Black "Brechstange"]
[Result "1/2-1/2"]
[WhiteElo "1816"]
[BlackElo "1937"]
[Opening "Petrov: Paulsen attack"]
[ECO "C42"]
[Time "10:09:08"]
[TimeControl "2700+45"]

1. e4 e5 2. Nf3 Nf6 3. Nxe5 d6 4. Nc4 Nxe4 5. d3 Nf6 6. Be2 Nc6 7. O-O Nd4 8.
Re1 Be6 9. Bg4 Nxg4 10. Qxg4 Nxc2 11. Re2 Nxa1 12. Qh5 c5 13. Rxe6+ Be7 14.
Nxd6+ Qxd6 15. Rxd6 Bxd6 16. Qe2+ Kd8 17. Na3 Re8 18. Be3 Bf4 19. Qe1 b6 20.
Qxa1 Bxe3 21. fxe3 Rxe3 22. Qf1 Ke8 23. Nc4 Re6 24. h3 Rd8 25. Qf5 g6 26. Qf3 f5
27. Qb7 Re7 28. Qc6+ Kf7 29. Nd6+ Kg8 30. Nb7 Rxd3 31. Qc8+ Kg7 32. Nd8 Rd2 33.
Ne6+ Kf6 34. Nf4 Kg5 35. Ne6+ Kf6 36. Nc7 Ree2 37. Qa8 Kg7 38. Qc6 Rxb2 39. Ne6+
Kh6 40. Nf4 Re4 41. Qd6 Rxa2 42. Qf8+ Kg5 43. Nd5 Re1+ 44. Kh2 Ree2 45. Qf6+ Kh6
46. Nf4 Re4 47. h4 Rxf4 48. Qg5+ Kg7 49. Qxf4 Ra3 50. Qe5+ Kh6 51. Qf4+ Kg7 52.
Qc1 Ra4 53. Kh3 Kf6 54. Qc3+ Rd4 55. Qg3 Ke6 56. Qc7 Rd3+ 57. g3 Rd7 58. Qc6+
Rd6 59. Qe8+ Kd5 60. Qf7+ Kd4 61. Qxa7 c4 62. Qg7+ Kd3 63. Qe5 Rd4 64. Qb5 Ke3
65. Qxb6 c3 66. Qc5 Kd3 67. Qb5+ Ke3 68. Qb3 Kd2 69. Qb6 Ke3 70. Qc5 Kd3 71. Kg2
c2 72. Kf2 f4 73. g4 Rc4 74. Qd5+ Kc3 75. Qe5+ Kb3 76. Qb5+ Kc3 {Game drawn by
mutual agreement} 1/2-1/2

[Event "Team 45 45 League T40"]
[Site "Internet Chess Club"]
[Date "2009.03.06"]
[Round "6"]
[White "mfeatherston"]
[Black "ConfusedDog589"]
[Result "0-1"]
[WhiteElo "1881"]
[BlackElo "1973"]
[Opening "French: MacCutcheon variation"]
[ECO "C12"]
[Time "19:00:16"]
[TimeControl "2700+45"]

1. e4 e6 2. d4 d5 3. Nc3 Nf6 4. Bg5 Bb4 5. exd5 Bxc3+ 6. bxc3 Qxd5 7. Bxf6 gxf6
8. Qd2 Nc6 9. Qf4 Rg8 10. Qxf6 Qe4+ 11. Ne2 Qxc2 12. Qf3 Bd7 13. Nf4 Qb2 14. Rd1
O-O-O 15. Be2 e5 16. Nd5 Bg4 17. Qe4 Qxe2+ 18. Qxe2 Bxe2 19. Kxe2 Rxd5 20. Rd3
exd4 21. Rhd1 Re5+ 22. Kf1 dxc3 23. Rxc3 Rge8 24. g3 Re2 25. a3 Ra2 26. Rf3 Ne5
27. Rf5 Ng4 28. Rf4 f5 29. h3 Nh6 30. Rh4 Re6 31. Ra4 a6 32. Re1 Rd6 33. Re2
Rd1+ 34. Re1 Rdd2 35. Rf4 Kd7 36. g4 fxg4 37. hxg4 Nxg4 38. Rxg4 Rxf2+ 39. Kg1
Rf7 40. Rd4+ Kc6 41. a4 b5 42. axb5+ axb5 43. Rg4 Kb6 44. Rg8 c6 45. Rc1 Ra4 46.
Rb8+ Rb7 47. Rf8 b4 48. Rf6 Rc7 49. Kf1 Kb5 50. Rf5+ c5 51. Rf8 Ra6 52. Ke2 Rb6
53. Kd2 c4 {White resigns} 0-1

[Event "Team 45 45 League T40"]
[Site "Internet Chess Club"]
[Date "2009.03.05"]
[Round "6"]
[White "Ben622"]
[Black "BigC"]
[Result "1-0"]
[WhiteElo "2071"]
[BlackElo "1850"]
[Opening "Sicilian: Pelikan, Chelyabinsk variation"]
[ECO "B41"]
[Time "12:00:04"]
[TimeControl "2700+45"]

1. e4 c5 2. Nf3 e6 3. d4 cxd4 4. Nxd4 Nf6 5. Nc3 Nc6 6. Ndb5 d6 7. Bf4 e5 8. Bg5
a6 9. Na3 b5 10. Nd5 Be7 11. Bxf6 Bxf6 12. c3 O-O 13. Nc2 Bb7 14. h4 Na5 15.
Nce3 Rc8 16. Qf3 Bxd5 17. exd5 h6 18. Bd3 Re8 19. Qe4 Kf8 20. Qh7 Ke7 21. Nf5+
Kd7 22. Nxg7 Rh8 23. Qf5+ Kc7 24. Nh5 Bxh4 25. Qxf7+ Kb8 26. g3 Bg5 27. Qg6 Nb7
28. Qe4 Nc5 29. Qe2 Nxd3+ 30. Qxd3 e4 31. Qd1 e3 32. f4 Bf6 33. Nxf6 Qxf6 34.
O-O Rce8 35. Qe2 Qg6 36. Rf3 h5 37. Rxe3 Qxg3+ 38. Rxg3 Rxe2 39. Rg2 Re3 40. Rf1
Rd3 41. f5 Rxd5 42. f6 Rc5 43. f7 Rcc8 44. Rgf2 Rcf8 45. Re2 Kc7 46. Re7+ Kc6
47. Kh2 Rh7 48. Kh3 d5 49. Rf6+ Kc5 50. b4+ Kc4 51. Rc7+ Kd3 52. Kh4 Rfxf7 53.
Rcxf7 Rxf7 54. Rxf7 Kxc3 55. Rd7 d4 56. Kxh5 Kxb4 57. Rxd4+ Ka3 58. Rd2 a5 59.
Kg4 b4 60. Kf3 b3 61. axb3 Kxb3 62. Ke2 a4 63. Kd1 a3 64. Kc1 a2 65. Rd3+ {Black
resigns} 1-0

[Event "Team 45 45 League T40"]
[Site "Internet Chess Club"]
[Date "2009.03.06"]
[Round "6"]
[White "SCUGrad"]
[Black "dougmo"]
[Result "0-1"]
[WhiteElo "1446"]
[BlackElo "1551"]
[Opening "French: Tarrasch, closed variation, main line"]
[ECO "C06"]
[Time "07:00:05"]
[TimeControl "2700+45"]

1. e4 e6 2. d4 d5 3. Nd2 Nf6 4. e5 Nfd7 5. Bd3 c5 6. c3 Nc6 7. Ne2 cxd4 8. cxd4
Be7 9. f4 Bh4+ 10. g3 Be7 11. a3 f6 12. Qc2 fxe5 13. fxe5 Nf8 14. b4 Qb6 15. Bb2
Bd7 16. b5 Na5 17. Rc1 Rc8 18. Qb1 Rxc1+ 19. Qxc1 Bxb5 20. Qc8+ Bd8 21. Bxb5+
Qxb5 22. Bc3 Qc6 23. Qxc6+ Nxc6 24. Rf1 Nd7 25. Nf4 Ke7 26. Nh5 g6 27. Nf6 Nxf6
28. Rxf6 Rf8 29. Rxf8 Kxf8 30. h4 h5 31. Ke2 g5 32. Nf3 gxh4 33. Nxh4 Bxh4 34.
gxh4 Ne7 35. Bb4 Kf7 36. Bxe7 Kxe7 37. Kf3 b5 38. Kf4 a5 39. Kg5 b4 40. axb4
axb4 41. Kxh5 Kf8 42. Kg6 Kg8 43. Kf6 b3 44. Kxe6 b2 45. Kf6 b1=Q 46. e6 Qf1+
47. Ke5 Kf8 48. Kxd5 Ke7 49. Ke5 Qf6+ {White resigns} 0-1

[Event "Team 45 45 League T40"]
[Site "Internet Chess Club"]
[Date "2009.03.07"]
[Round "6"]
[White "EyeAm"]
[Black "t-hobbes"]
[Result "1-0"]
[WhiteElo "1493"]
[BlackElo "1303"]
[Opening "Giuoco Piano"]
[ECO "C54"]
[Time "18:00:29"]
[TimeControl "2700+45"]

1. e4 e5 2. Nf3 Nc6 3. Bc4 Bc5 4. c3 Nf6 5. d4 exd4 6. cxd4 Bb4+ 7. Bd2 Bxd2+ 8.
Nbxd2 d5 9. exd5 Nxd5 10. O-O O-O 11. Re1 Qf6 12. Bxd5 Nxd4 13. Nxd4 Qxd4 14.
Nc4 Qc5 15. Re5 Qb4 16. a3 Bg4 17. Qc2 Bf5 18. Qxf5 Qb3 19. Re3 Qa4 20. Ne5 Rad8
21. Nxf7 c6 22. Ng5+ Rf7 23. Bxf7+ Kf8 24. Nxh7# {Black checkmated} 1-0

[Event "Team 45 45 League T40"]
[Site "Internet Chess Club"]
[Date "2009.03.08"]
[Round "6"]
[White "Kingangyal"]
[Black "wekabird"]
[Result "1-0"]
[WhiteElo "1350"]
[BlackElo "1222"]
[Opening "Queen's pawn game"]
[ECO "D02"]
[Time "17:00:09"]
[TimeControl "2700+45"]

1. d4 d5 2. Nf3 c6 3. Bf4 Nd7 4. e3 e6 5. c4 Ngf6 6. h3 Be7 7. Nbd2 O-O 8. Bd3
dxc4 9. Nxc4 Nb8 10. O-O b5 11. Nce5 Nd5 12. Bg3 Bd6 13. a3 Bxe5 14. Nxe5 Ne7
15. Qc2 g6 16. b4 f6 17. Ng4 Nf5 18. Bxf5 exf5 19. Nh2 Nd7 20. Qxc6 Nb8 21. Qxa8
Qd7 22. Qxb8 g5 23. Bd6 Re8 24. Bc5 Ba6 25. Qg3 Re4 26. Qd6 Qxd6 27. Bxd6 Re6
28. Bc5 Bb7 29. Bxa7 g4 30. hxg4 fxg4 31. Nxg4 f5 32. Ne5 Re7 33. Rac1 Rg7 34.
f3 h6 35. Rf2 Ba6 36. Bb6 h5 37. Rfc2 Bb7 38. Rc7 Rxc7 39. Rxc7 Bd5 40. Rc5 Bb3
41. Rxb5 Ba4 42. Ra5 Bb3 43. Ra7 h4 44. a4 h3 45. gxh3 Bd5 46. a5 Bb3 47. a6 Bd5
48. Rc7 Kf8 49. Rd7 Ke8 50. Rxd5 {Black resigns} 1-0

[Event "Team 45 45 League T40"]
[Site "Internet Chess Club"]
[Date "2009.03.07"]
[Round "6"]
[White "WilmaP"]
[Black "conron"]
[Result "0-1"]
[WhiteElo "1247"]
[BlackElo "1374"]
[Opening "Ruy Lopez: closed defense"]
[ECO "C90"]
[Time "14:00:23"]
[TimeControl "2700+45"]

1. e4 e5 2. Nf3 Nc6 3. Bb5 a6 4. Ba4 Nf6 5. O-O Be7 6. c3 b5 7. Bb3 d6 8. Re1
Bg4 9. d4 Bxf3 10. Qxf3 exd4 11. Nd2 dxc3 12. bxc3 O-O 13. c4 Nd4 14. Qg3 bxc4
15. Bd1 Re8 16. Bb2 Nc6 17. Nxc4 Bf8 18. Bf3 d5 19. Rad1 Bd6 20. e5 dxc4 21.
Bxc6 Bxe5 22. Bxe5 Rxe5 23. Qxe5 Qc8 24. Bxa8 Qxa8 25. Qxc7 g6 26. Qxc4 Qb8 27.
g3 Qb2 28. Qc8+ Kg7 29. Qxa6 Ng4 30. Re2 Qc3 31. h3 Nxf2 32. Kxf2 Qc5+ 33. Re3
Qc2+ 34. Qe2 Qf5+ 35. Rf3 Qc5+ 36. Re3 Qf5+ 37. Ke1 Qa5+ 38. Qd2 Qb6 39. Qc3+
Kh6 40. Ke2 Qa6+ 41. Qd3 Qxa2+ 42. Qd2 Qa6+ 43. Rd3+ Kg7 44. Qc3+ Kh6 45. g4
Qa2+ 46. R3d2 Qa6+ 47. Qd3 Qb7 48. g5+ Kg7 49. Qd4+ Kg8 50. Rb2 Qg2+ 51. Kd3
Qf3+ 52. Qe3 Qd5+ 53. Ke2 Qg2+ 54. Qf2 Qe4+ 55. Kf1 Qh1+ 56. Qg1 Qf3+ 57. Qf2
Qxd1+ 58. Kg2 Qd5+ 59. Kf1 Qd1+ 60. Qe1 Qf3+ 61. Qf2 Qd1+ 62. Kg2 Qd5+ 63. Qf3
Qxg5+ 64. Qg3 Qd5+ 65. Kf2 Qd4+ 66. Kf3 Qxb2 67. h4 Qc3+ 68. Kg2 Qxg3+ 69. Kxg3
h5 70. Kf3 Kg7 71. Kf4 Kf6 72. Ke4 g5 73. hxg5+ Kxg5 74. Kf3 Kf5 75. Kg3 Ke4 76.
Kh4 f5 77. Kxh5 f4 78. Kh4 f3 79. Kh3 Ke3 80. Kh2 Ke2 81. Kg1 f2+ 82. Kg2 f1=Q+
{White resigns} 0-1

[Event "Team 45 45 League T40"]
[Site "Internet Chess Club"]
[Date "2009.03.08"]
[Round "6"]
[White "manzeer"]
[Black "Manch"]
[Result "0-1"]
[WhiteElo "1580"]
[BlackElo "1546"]
[Opening "Sicilian"]
[ECO "B54"]
[Time "17:14:33"]
[TimeControl "2700+45"]

1. e4 c5 2. Nf3 d6 3. d4 cxd4 4. Nxd4 Nc6 5. Nc3 a6 6. a3 e5 7. Nb3 Nf6 8. Bc4
b5 9. Bd5 Nxd5 10. Nxd5 Ne7 11. Bg5 f6 12. Bxf6 gxf6 13. Nxf6+ Kf7 14. Qf3 Kg7
15. h4 Ng6 16. Nh5+ Kg8 17. O-O-O Qe7 18. Nf6+ Kg7 19. Nd5 Qf7 20. Qg3 Bb7 21.
h5 Bxd5 22. Rxd5 Qf4+ 23. Qxf4 Nxf4 24. Rdd1 Be7 25. Na5 Rac8 26. Nb7 Rc6 27.
Na5 Rb6 28. Nb3 h6 29. Nd2 Rc8 30. Nf1 Rbc6 31. c3 a5 32. Ne3 b4 33. Nf5+ Kf6
34. axb4 axb4 35. Nxh6 Rh8 36. Ng4+ Kg5 37. Nh2 bxc3 38. bxc3 Rxc3+ 39. Kd2 Rd3+
40. Kc2 Rxd1 41. Kxd1 Rxh5 42. Nf3+ Kf6 43. Rg1 Bd8 44. g4 Rh3 45. g5+ Kg6 46.
Ne1 Bxg5 47. Nc2 Rd3+ 48. Ke1 Rb3 49. Ne3 Rb1+ 50. Nd1 Nd3+ 51. Ke2 Nb2 52. f3
Rxd1 53. Rxd1 Nxd1 54. Kxd1 Bf4 55. Ke2 Kf6 56. Kd3 Ke6 57. Kc4 Kd7 58. Kb5 Kc7
59. Kc4 Kc6 60. Kb4 Bg3 61. Kc4 Bf2 62. Kb4 Bc5+ 63. Kc4 Kd7 64. Kd5 Ke7 65. Kc6
Kf6 66. Kd5 Kg5 67. Kc4 Kf4 {White resigns} 0-1

[Event "Team 45 45 League T40"]
[Site "Internet Chess Club"]
[Date "2009.03.08"]
[Round "6"]
[White "Shazaam"]
[Black "whuffor"]
[Result "1-0"]
[WhiteElo "1480"]
[BlackElo "1419"]
[Opening "Queen's pawn game"]
[ECO "D00"]
[Time "14:00:38"]
[TimeControl "2700+45"]

1. d4 d5 2. e3 c5 3. c3 Nf6 4. Bd3 Nc6 5. Nd2 e6 6. f4 Bd6 7. Ngf3 O-O 8. O-O
Rb8 9. Ne5 Bxe5 10. fxe5 Ng4 11. Qxg4 f5 12. exf6 Rxf6 13. Rxf6 Qxf6 14. Nf3 e5
15. Qh5 e4 16. Ng5 exd3 17. Qxh7+ Kf8 18. Qh5 Bf5 19. Bd2 Ke7 20. Rf1 Bg6 21.
Qh4 Rh8 22. Qxh8 Qxg5 23. Qxg7+ Ke6 24. e4 Qxd2 25. Qxg6+ Kd7 26. exd5 Qe3+ 27.
Kh1 Ne7 28. d6 Qe2 29. Qf6 Nd5 30. Qf7+ Kc6 31. d7 Kc7 32. d8=Q+ Kxd8 33. Qxd5+
Ke8 34. Qf7+ Kd8 35. Qf8+ Kd7 36. Rf7+ {Black resigns} 1-0

[Event "Team 45 45 League T40"]
[Site "Internet Chess Club"]
[Date "2009.03.08"]
[Round "6"]
[White "slipkid"]
[Black "cobra2008"]
[Result "0-1"]
[WhiteElo "1487"]
[BlackElo "1401"]
[Opening "Scotch gambit"]
[ECO "C44"]
[Time "13:59:02"]
[TimeControl "2700+45"]

1. e4 e5 2. Nf3 Nc6 3. d4 exd4 4. Bc4 h6 5. Nxd4 Qf6 6. Nxc6 Bc5 7. O-O bxc6 8.
e5 Qg6 9. Bd3 Qe6 10. Re1 Ne7 11. Nc3 O-O 12. b3 Bb4 13. Bb2 Nd5 14. Nxd5 Qxd5
15. c3 Bc5 16. Bc4 Qxd1 17. Raxd1 a5 18. Kf1 Ba6 19. Bxa6 Rxa6 20. Rxd7 Ra7 21.
c4 a4 22. Bd4 Bxd4 23. Rxd4 c5 24. Rd7 axb3 25. axb3 Rb8 26. Rb1 Re8 27. Rd5 f6
28. f4 fxe5 29. fxe5 Rf8+ 30. Kg1 Ra2 31. Rf1 Rb8 32. Rd3 Re2 33. Rf5 c6 34. Kf1
Rb2 35. Rff3 Re8 36. Rde3 Rb1+ 37. Kf2 Rb2+ 38. Kg3 Kh7 39. e6 Kg8 40. e7 Rd2
41. Rf5 Rd7 42. Kf3 Rdxe7 43. Rxe7 Rxe7 44. Rxc5 Rf7+ 45. Ke2 Re7+ 46. Kf1 Rf7+
47. Kg1 Rb7 48. Rxc6 Rxb3 49. Kf2 Rb2+ 50. Kf3 Kf7 51. h3 Rb3+ 52. Kf4 g5+ 53.
Kf5 Rg3 54. Rxh6 Rxg2 55. c5 Kg7 56. Rg6+ Kf7 57. c6 Rf2+ 58. Kxg5 Rg2+ 59. Kh5
Rxg6 60. c7 Rc6 {White resigns} 0-1

[Event "Team 45 45 League T40"]
[Site "Internet Chess Club"]
[Date "2009.03.08"]
[Round "6"]
[White "Check101"]
[Black "The-Capitalist"]
[Result "0-1"]
[WhiteElo "1215"]
[BlackElo "1154"]
[Opening "two knights defense: Colman variation"]
[ECO "C58"]
[Time "21:27:43"]
[TimeControl "2700+45"]

1. e4 e5 2. Nf3 Nc6 3. Bc4 Nf6 4. Ng5 d5 5. exd5 Na5 6. Bb5+ c6 7. dxc6 bxc6 8.
Qf3 Rb8 9. Bd3 Be7 10. Ne4 O-O 11. Nbc3 Nd5 12. a3 f5 13. Nxd5 cxd5 14. Qe2 fxe4
15. Ba6 Qc7 16. O-O Qxc2 17. b4 Nb3 18. Ra2 Qxa2 19. Bxc8 Rfxc8 20. g3 Nxc1 21.
Rxc1 Rxc1+ 22. Kg2 Qxa3 {White resigns} 0-1

[Event "Team 45 45 League T40"]
[Site "Internet Chess Club"]
[Date "2009.03.08"]
[Round "6"]
[White "Jasher"]
[Black "Gwyddbwyll"]
[Result "0-1"]
[WhiteElo "1468"]
[BlackElo "1573"]
[Opening "Four knights: Rubinstein counter-gambit"]
[ECO "C48"]
[Time "17:05:35"]
[TimeControl "2700+45"]

1. e4 e5 2. Nf3 Nc6 3. Bb5 Nf6 4. Nc3 Nd4 5. Bc4 c6 6. Nxe5 d5 7. exd5 cxd5 8.
Nxd5 Nxd5 9. c3 Nc6 10. Nxf7 Qe7+ 11. Kf1 Qxf7 12. Qe2+ Be7 13. b4 O-O 14. b5
Na5 15. Bxd5 Qxd5 16. Qxe7 Bd7 17. Ba3 Bxb5+ 18. Kg1 Rfe8 19. Qb4 Bc6 20. Qg4
Nc4 21. Bb4 Qxd2 22. Qxc4+ Bd5 23. Qf1 Qf4 24. Rd1 Bc4 25. Rd4 Bxf1 26. Rxf4 Bc4
27. h4 Re1+ 28. Kh2 Rxh1+ 29. Kxh1 Bxa2 30. Ba3 h6 31. g4 a6 32. c4 b5 33. cxb5
axb5 34. Bb4 Ra4 35. Kg1 Bd5 36. Kh2 Bc4 37. Bc5 Be6 38. g5 Rxf4 {White resigns}
0-1

[Event "Team 45 45 League T40"]
[Site "Internet Chess Club"]
[Date "2009.03.08"]
[Round "6"]
[White "andrew0311"]
[Black "john-beebs"]
[Result "0-1"]
[WhiteElo "1475"]
[BlackElo "1466"]
[Opening "Ruy Lopez: closed, 7...O-O"]
[ECO "C88"]
[Time "09:18:17"]
[TimeControl "2700+45"]

1. e4 e5 2. Nf3 Nc6 3. Bb5 a6 4. Ba4 Nf6 5. O-O Be7 6. Re1 b5 7. Bb3 O-O 8. d3
Na5 9. Nxe5 Nxb3 10. axb3 Bb7 11. Bf4 d5 12. Nd2 c5 13. exd5 Nxd5 14. Qg4 Nxf4
15. Qxf4 Bd6 16. Qg4 Re8 17. Nef3 Qf6 18. Ne4 Bxe4 19. dxe4 Qxb2 20. Rad1 Bc7
21. Rd7 Ba5 22. Red1 Qxc2 23. Qf5 Re7 24. R7d6 Rxe4 25. Qd5 Ree8 26. Ng5 Rf8 27.
Rd7 Qg6 28. Qxc5 h6 29. Nf3 Rac8 30. Qe3 Rc3 31. Qd4 Rxf3 32. Kf1 Rxb3 33. Qa4
bxa4 {White resigns} 0-1